 Dungeon Crawl Stone Soup version 0.20-a0-555-gf6ae02d (webtiles) character file.

9 M4edhros the Grave Robber (level 2, -2/17 HPs)
             Began as an Octopode Necromancer on Feb 6, 2017.
             Slain by an ooze (4 damage)
             ... on level 1 of the Dungeon.
             The game lasted 00:00:52 (218 turns).

M4edhros the Grave Robber (Octopode Necromancer)     Turns: 218, Time: 00:00:52

Health: -2/17      AC:  1    Str:  7    XL:     2   Next: 12%
Magic:  0/5        EV: 13    Int: 17    God:
Gold:   19         SH:  0    Dex: 12    Spells: 4/5 levels left

rFire    . . .     SeeInvis .     - Unarmed
rCold    . . .     Gourm    .   (no shield)
rNeg     . . .     Faith    .   (helmet restricted)
rPois    .         Spirit   .   (no amulet)
rElec    .         Reflect  .   (no ring)
rCorr    .         Harm     .   (no ring)
MR       .....                  (no ring)
Stlth    +++.......             (no ring)
Regen    0.1/turn               (no ring)
                                (no ring)
                                (no ring)
                                (no ring)

@: no status effects
A: almost no armour, stealthy swim, amphibious, 8 rings, constrict 8, camouflage
1, gelatinous body 1
a: no special abilities


You were on level 1 of the Dungeon.
You were not hungry.

You visited 1 branch of the dungeon, and saw 1 of its levels.

You collected 19 gold pieces.

Inventory:

Missiles
 d - 19 stones (quivered)
 h - 9 sling bullets
Scrolls
 c - a scroll of identify {unknown}
 e - a scroll of enchant armour {unknown}
Potions
 g - a potion of ambrosia {unknown}
Books
 a - a book of Necromancy

   Spells                             Type                      Level
   a - Pain                           Necromancy                   1
   b - Animate Skeleton               Necromancy                   1
   c - Vampiric Draining              Necromancy                   3
   d - Regeneration                   Charms/Necromancy            3
   e - Animate Dead                   Necromancy                   4
   f - Control Undead                 Necromancy                   4
Comestibles
 b - a bread ration
 f - a meat ration


   Skills:
 - Level 2.0 Dodging
 - Level 2.6 Stealth
 + Level 1.7 Unarmed Combat
 - Level 2.0 Spellcasting
 - Level 4.0 Necromancy


You had 4 spell levels left.
You knew the following spells:

 Your Spells              Type           Power        Failure   Level  Hunger
a - Pain                  Necr           ###.         3%          1    #......


Dungeon Overview and Level Annotations

Branches:
Dungeon (1/15)

Altars:


Innate Abilities, Weirdness & Mutations

You cannot wear most types of armour.
You are very stealthy in the water. (Stealth+)
You are amphibious.
You can wear up to eight rings at the same time.
You can use your tentacles to constrict eight enemies at once.
Your skin changes colour to match your surroundings (Stealth+).
Your rubbery body absorbs attacks. (AC +1, EV +1)


Message History

Aim: an ooze (moderately wounded, chance to defeat MR: 73%)
The ooze writhes in agony!
The ooze jiggles.
Casting: Pain
Confirm with . or Enter, or press ? or * to list all spells.
You don't have enough magic to cast that spell.
Casting: Pain
Confirm with . or Enter, or press ? or * to list all spells.
You don't have enough magic to cast that spell.
The ooze hits you.
* * * LOW HITPOINT WARNING * * *
You tentacle-slap the ooze but do no damage.
The ooze is severely wounded.
The ooze hits you.
* * * LOW HITPOINT WARNING * * *
You tentacle-slap the ooze but do no damage.
You squeeze the ooze, but do no damage.
The ooze is severely wounded.
The ooze hits you.
You die...

.# .# #.....# .# #.?...#
.# #.....# .# ####
#.....# .# #...##.....#
.# #...##.....# .#
#...##..J..# .###
#...##..@..# ...#
#...##.....# ...#
#)..##.....## ...#
#.......†...#
...######...........####
...#.....)..............
...#>...................
...#.####...........####
...#.# #...........#


You could see an ooze.

Vanquished Creatures
  A dart slug (D:1)
  2 bats (D:1)
  A giant cockroach (D:1)
  A goblin (D:1)
  A hobgoblin (D:1)
6 creatures vanquished.

Notes
Turn   | Place    | Note
-------+----------+-------------------------------------------
     0 | D:1      | M4edhros the Octopode Necromancer began the quest for the Orb.
     0 | D:1      | Reached XP level 1. HP: 11/11 MP: 3/3
   153 | D:1      | Reached skill level 1 in Unarmed Combat
   181 | D:1      | Reached XP level 2. HP: 13/17 MP: 0/5
   218 | D:1      | Slain by an ooze

Vault maps used:
D:1:      tarquinn_simple_flora_water_e

Skill      XL: |  1 |
---------------+----+-----
Unarmed Combat | 1 |  1.7
Dodging        | |  2.0
Stealth        | |  2.6
Spellcasting   | |  2.0
Necromancy     | |  4.0

Action                   || total
-------------------------++-------
Melee: Unarmed           ||     7
       Constrict         ||     1
       Tentacles         ||     1
 Cast: Pain              ||     9
Armor: Skin              ||     2
Dodge: Dodged            ||     2
